 Dungeon Crawl Stone Soup version 0.17-a0-1-g1f4be75 (webtiles) character file.

22899 Malachi the Bludgeoner (level 13, -8/146 HPs)
             Began as an Ogre Berserker on Mar 13, 2015.
             Was the Champion of Trog.
             Mangled by a spriggan rider
             ... wielding a +0 spear
              (13 damage)
             ... on level 1 of the Swamp.
             The game lasted 00:33:39 (14571 turns).

Malachi the Bludgeoner (Ogre Berserker)            Turns: 14571, Time: 00:33:40

Health: -8/146     AC: 14    Str: 29    XL:     13   Next: 3%
Magic:  0/13       EV: 15    Int:  6    God:    Trog [******]
Gold:   765        SH:  0    Dex: 13    Spells: 0 memorised, 12 levels left

rFire  . . .     SeeInvis .     H - +1 dire flail (protect)
rCold  . . .     Clarity  .     x - +0 troll leather armour
rNeg   . . .     SustAb   .     (shield restricted)
rPois  +         Gourm    .     W - +2 hat {MR+}
rElec  .         Spirit   +     I - +1 cloak {MR+}
rCorr  .         Warding  .     (gloves unavailable)
rMut   .         Stasis   .     (boots unavailable)
MR     +++..                    i - amulet of guardian spirit
Stlth  ++........               j - ring of poison resistance
                                h - +4 ring of dexterity

@: exhausted, slowed, very slow, extremely resistant to hostile enchantments,
unstealthy
A: unfitting armour, tough skin 1
a: Burn Spellbooks, Berserk, Trog's Hand, Brothers in Arms, Renounce Religion


You were on level 1 of the Swamp.
You worshipped Trog.
Trog was exalted by your worship.
You were very hungry.

You visited 3 branches of the dungeon, and saw 14 of its levels.

You collected 765 gold pieces.

Inventory:

Hand weapons
 b - a +1 whip of electrocution
 s - a +1 giant spiked club
 w - a +0 blowgun
 H - a +1 dire flail of protection (weapon)
 N - a +5 antimagic mace
 R - a +1 antimagic great mace
 Y - a +1 battleaxe of venom
Missiles
 v - 11 poisoned needles
Armour
 x - a +0 troll leather armour (worn)
 y - a +2 robe of cold resistance
 A - a +2 robe of fire resistance
 I - a +1 cloak of magic resistance (worn)
 M - the -1 shield "Skumn" {rF+ rN+ SInv}
   (You acquired it on level 1 of the Lair of Beasts)

   It protects you from fire.
   It protects you from negative energy.
   It enhances your eyesight.
 W - a +2 hat of magic resistance (worn)
Jewellery
 h - a +4 ring of dexterity (left hand)
 i - an amulet of guardian spirit (around neck)
 j - a ring of poison resistance (right hand)
 m - an uncursed amulet of rage {unknown}
 z - an uncursed ring of ice
Magical devices
 r - a wand of teleportation (9)
 D - a wand of disintegration (2)
 J - a wand of confusion (7)
 K - a wand of draining (6)
 Z - a wand of paralysis (6)
Scrolls
 a - 2 scrolls of teleportation
 d - 4 scrolls of fear
 g - 4 scrolls of enchant weapon
 o - a scroll of enchant armour
 p - 11 scrolls of remove curse
 u - 9 scrolls of identify
 G - a scroll of magic mapping
 Q - 3 scrolls of recharging
 S - a scroll of blinking
Potions
 e - 2 potions of mutation {unknown}
 f - 2 potions of cure mutation
 k - 2 potions of cancellation
 l - a potion of brilliance {unknown}
 q - 5 potions of heal wounds
 B - 2 potions of restore abilities
 E - a potion of poison
 O - a potion of ambrosia {unknown}
 U - 2 potions of curing
 V - a potion of agility
Comestibles
 c - 8 meat rations
 n - 6 bread rations
 t - 7 slices of pizza
 F - 4 beef jerkies
 P - 6 fruits


   Skills:
 + Level 14.0 Fighting
 + Level 16.1 Maces & Flails
 + Level 3.6 Armour
 + Level 10.6 Dodging
 + Level 5.3 Stealth


You had 12 spell levels left.
You didn't know any spells.

Dungeon Overview and Level Annotations

Branches:
Dungeon (9/15)             Temple (0/1) D:4            Lair (5/8) D:9
  Swamp (1/5) Lair:5
  Snake: Lair:3-6    Spider: Lair:3-6       Orc: D:9-12

Altars:
Ashenzari
Cheibriados
Dithmenos
Elyvilon
Fedhas
Gozag
Kikubaaqudgha
Makhleb
Nemelex Xobeh
Okawaru
Qazlal
Trog
Xom
The Shining One

Shops:
D:5 *[

Annotations:
D:4 exclusion: oklob plant


Innate Abilities, Weirdness & Mutations

You are too large for most types of armour.
You have tough skin (AC +1).


Message History

* * * LOW HITPOINT WARNING * * *
Read which item? (? for menu, Esc to quit)
Okay, then.
The spriggan rider misses you.
You hear a distant "Zot"!
The spriggan rider hits you but does no damage.
Read which item? (? for menu, Esc to quit)
As you read the scroll of teleportation, it crumbles to dust.
You feel strangely unstable.
The spriggan rider hits you from afar with a spear.
* * * LOW HITPOINT WARNING * * *
The spriggan rider hits you from afar with a spear!
* * * LOW HITPOINT WARNING * * *
Your surroundings suddenly seem different.
Unknown command.
The spriggan rider hits you from afar with a spear.
* * * LOW HITPOINT WARNING * * *
The spriggan rider misses you.
The spriggan rider hits you from afar with a spear!
You die...

♣♣..♣♣♣.≈≈.≈≈.≈≈....≈≈≈..≈...
♣♣.§≈.♣♣≈≈≈≈.♣♣≈.....≈≈≈≈≈≈...≈
♣≈§≈≈..♣♣.♣...♣≈....≈♣.≈≈≈....≈
≈.≈≈≈...P♣♣...♣♣≈......≈≈......
§..≈≈≈......≈..≈.≈....≈≈≈.≈.≈≈≈
♣...≈......≈≈...≈≈.≈.≈≈≈..§.≈≈
♣....♣♣♣≈......≈≈≈..[≈≈≈≈≈....
≈≈≈♣♣♣♣♣[......≈≈..♣§.≈≈≈.≈...
.≈≈♣♣.≈≈≈≈≈.....@.♣♣♣♣...≈≈≈.
≈..♣♣≈≈≈≈≈≈.......♣ ♣♣..≈≈≈
♣♣♣♣♣.≈≈..≈♣♣≈iP.≈♣ ♣♣..
♣♣♣♣......≈♣≈..♣♣≈≈≈
♣.≈≈..(.≈≈≈≈....≈≈≈≈.
♣≈≈....≈≈≈≈≈≈i.§≈≈≈.≈
♣♣....♣♣≈≈≈≈≈≈..§≈..≈♣
≈§≈≈..♣♣.≈≈≈≈≈≈≈.≈b.≈
..≈≈≈......†≈≈≈≈≈≈≈≈.≈


You could see 2 spriggan riders.

Vanquished Creatures
  Gastronok (Lair:2)
  Snorg (Lair:5)
  Erolcha (D:9)
  Pikel (D:7)
  Maurice (D:9)
  2 black mambas
  8 spiny frogs
  3 komodo dragons
  A troll (D:9)
  2 fire drakes
  3 giant leeches (Lair:5)
  A bog body (Swamp:1)
  A raven (Swamp:1)
  Prince Ribbit (D:6)
  4 blink frogs (Lair:3)
  15 yaks
  3 wolves (Lair:5)
  A human (D:8)
  A hungry ghost (D:7)
  16 vampire mosquitoes (Swamp:1)
  7 swamp worms
  4 water moccasins
  An orc warrior (D:7)
  8 porcupines
  A swamp drake (Swamp:1)
  2 sky beasts
  4 centaurs
  A phantom (D:9)
  A slave (D:7)
  8 spiders (D:9)
  2 black bears
  4 ogres
  A necrophage (D:5)
  Sigmund (D:3)
  Duvessa (D:5)
  10 crocodiles
  15 giant frogs
  A big kobold (D:8)
  Blork the orc (D:6)
  A wyvern zombie (D:7)
  4 scorpions
  2 jellies
  6 killer bees (D:8)
  3 goliath beetles
  2 orc priests
  Dowan (D:5)
  8 hounds
  3 crimson imps
  5 centaur skeletons
  6 iguanas
  2 giant frog skeletons
  2 giant frog zombies
  The ghost of Fusha the Gusty, a weakling FeAE (D:3)
  3 worker ants
  3 orc wizards
  Natasha (thrice) (D:4)
  9 sheep
  2 hound skeletons
  A mummy (D:9)
  2 worker ant zombies
  8 gnolls
  21 river rats
  13 adders
  4 giant mites
  2 shadow imps (D:5)
  2 worms
  4 giant geckos
  19 orcs
  3 ball pythons
  3 bat skeletons
  2 giant cockroaches
  15 goblins
  15 hobgoblins
  6 jackals
  17 kobolds
  10 quokkas
  13 bats
  A giant gecko skeleton (D:4)
  6 giant newts
  A quokka zombie (D:9)
  21 rats
  2 ballistomycetes (D:9)
397 creatures vanquished.

Vanquished Creatures (others)
  A centaur skeleton (D:4)
  A worker ant (D:7)
  A giant spore (D:9)
  22 toadstools (D:4)
25 creatures vanquished.

Grand Total: 422 creatures vanquished

Notes
Turn   | Place    | Note
--------------------------------------------------------------
     0 | D:1      | Malachi, the Ogre Berserker, began the quest for the Orb.
     0 | D:1      | Reached XP level 1. HP: 24/24 MP: 1/1
   323 | D:1      | Reached XP level 2. HP: 20/32 MP: 2/2
   520 | D:1      | Acquired Trog's second power
   664 | D:1      | Reached XP level 3. HP: 30/40 MP: 3/3
  1218 | D:2      | Found a glowing golden altar of the Shining One.
  1781 | D:2      | Reached XP level 4. HP: 49/49 MP: 4/4
  2139 | D:2      | Reached skill level 5 in Fighting
  2178 | D:3      | Noticed Fusha's ghost (weakling FeAE)
  2360 | D:3      | Killed Fusha's ghost
  2360 | D:3      | Reached skill level 5 in Maces & Flails
  2360 | D:3      | Reached XP level 5. HP: 57/57 MP: 5/5
  2372 | D:3      | Reached skill level 1 in Stealth
  2407 | D:3      | Found a stormy altar of Qazlal.
  2658 | D:3      | Found an opulent altar of Gozag.
  2740 | D:3      | Noticed Sigmund
  2746 | D:3      | Killed Sigmund
  2746 | D:3      | Reached XP level 6. HP: 67/67 MP: 2/6
  2771 | D:3      | Found an iron altar of Okawaru.
  3508 | D:4      | Noticed Natasha
  3537 | D:4      | Killed Natasha
  3537 | D:4      | Reached skill level 6 in Fighting
  3739 | D:4      | Found a shimmering altar of Xom.
  3831 | D:4      | Reached XP level 7. HP: 75/75 MP: 4/7
  3895 | D:4      | Found a staircase to the Ecumenical Temple.
  3924 | D:4      | Acquired Trog's third power
  3944 | D:4      | Found a stormy altar of Qazlal.
  3944 | D:4      | Noticed Natasha
  3948 | D:4      | Killed Natasha
  3960 | D:4      | Found a blossoming altar of Fedhas.
  3986 | D:4      | Noticed an oklob plant
  4498 | D:4      | Noticed Natasha
  4501 | D:4      | Killed Natasha
  4510 | D:4      | Found a snail-covered altar of Cheibriados.
  4592 | D:5      | Entered Level 5 of the Dungeon
  4758 | D:5      | Reached skill level 7 in Fighting
  4769 | D:5      | Found a shattered altar of Ashenzari.
  4770 | D:5      | Found a white marble altar of Elyvilon.
  4810 | D:5      | Reached skill level 5 in Dodging
  4922 | D:5      | Reached XP level 8. HP: 82/87 MP: 5/8
  5280 | D:5      | Noticed Dowan
  5289 | D:5      | Killed Dowan
  5292 | D:5      | Noticed Duvessa
  5296 | D:5      | Killed Duvessa
  5296 | D:5      | Reached skill level 8 in Fighting
  5438 | D:5      | Found Apnoady's Armour Shop.
  5511 | D:5      | Found Kudunwid's Elemental Accessories.
  5662 | D:6      | Noticed Blork the orc
  5665 | D:6      | Killed Blork the orc
  5841 | D:6      | Noticed Prince Ribbit
  5861 | D:6      | HP: 2/89 [Prince Ribbit (14)]
  6103 | D:6      | Found a sparkling altar of Nemelex Xobeh.
  6133 | D:6      | Found a bloodstained altar of Trog.
  6486 | D:6      | Reached XP level 9. HP: 97/97 MP: 9/9
  6561 | D:6      | Found a shadowy altar of Dithmenos.
  6565 | D:6      | Reached skill level 9 in Maces & Flails
  6588 | D:6      | Killed Prince Ribbit
  6820 | D:6      | Found a white marble altar of Elyvilon.
  7029 | D:7      | Noticed Pikel
  7043 | D:7      | Killed Pikel
  7391 | D:7      | Reached skill level 10 in Maces & Flails
  7452 | D:7      | Received a gift from Trog
  7832 | D:7      | Reached XP level 10. HP: 79/110 MP: 7/10
  7878 | D:7      | Found a burning altar of Makhleb.
  8332 | D:8      | Reached skill level 10 in Fighting
  8358 | D:8      | Reached skill level 11 in Maces & Flails
  8856 | D:8      | Found an ancient bone altar of Kikubaaqudgha.
  9244 | D:9      | Received a gift from Trog
  9520 | D:9      | Noticed Erolcha
  9559 | D:9      | Killed Erolcha
  9559 | D:9      | Reached skill level 12 in Maces & Flails
  9648 | D:9      | Found a sparkling altar of Nemelex Xobeh.
  9799 | D:9      | Reached XP level 11. HP: 74/120 MP: 8/11
 10001 | D:9      | Found a staircase to the Lair.
 10367 | D:9      | Noticed Maurice
 10378 | D:9      | Killed Maurice
 10421 | Lair:1   | Entered Level 1 of the Lair of Beasts
 10540 | Lair:1   | Identified a scroll of acquirement
 10543 | Lair:1   | Got a translucent shield
 10580 | Lair:1   | Identified the -1 shield "Skumn" {rF+ rN+ SInv} (You acquired it on level 1 of the Lair of Beasts)
 10615 | Lair:1   | Reached skill level 13 in Maces & Flails
 10636 | Lair:1   | Received a gift from Trog
 11605 | Lair:2   | Noticed Gastronok
 11621 | Lair:2   | Killed Gastronok
 11621 | Lair:2   | Reached skill level 14 in Maces & Flails
 12091 | Lair:3   | Reached XP level 12. HP: 133/133 MP: 10/12
 12161 | Lair:3   | Received a gift from Trog
 12326 | Lair:3   | Reached skill level 5 in Stealth
 12482 | Lair:3   | You fall through a shaft for 2 floors!
 12547 | Lair:5   | Reached skill level 15 in Maces & Flails
 12713 | Lair:5   | Noticed Snorg
 12726 | Lair:5   | Killed Snorg
 12726 | Lair:5   | Reached skill level 10 in Dodging
 13323 | Lair:5   | Found a staircase to the Swamp.
 13885 | Swamp:1  | Entered Level 1 of the Swamp
 13927 | Swamp:1  | Received a gift from Trog
 14258 | Swamp:1  | Reached skill level 16 in Maces & Flails
 14506 | Swamp:1  | Reached XP level 13. HP: 135/146 MP: 11/13
 14545 | Swamp:1  | Noticed a four-headed hydra
 14566 | Swamp:1  | HP: 4/146 [spriggan rider/spear (14)]
 14571 | Swamp:1  | Mangled by a spriggan rider

Action                   |  1- 3 |  4- 6 |  7- 9 | 10-12 | 13-15 || total
-------------------------+-------+-------+-------+-------+-------++-------
Melee: Mace              |   108 |   138 |     5 |       |       ||   251
       Giant spiked club |       |       |   286 |   104 |       ||   390
       Dire flail        |       |       |       |   726 |    18 ||   744
       Whip              |       |       |       |    10 |       ||    10
Invok: Berserk           |     2 |     4 |     5 |     8 |     1 ||    20
  Use: Scroll            |       |     6 |     6 |    12 |     2 ||    26
       Potion            |       |       |       |     5 |       ||     5
 Stab: Sleeping          |       |     3 |     4 |     5 |       ||    12
       Distracted        |       |       |       |     1 |       ||     1
  Eat: Chunk             |     2 |     8 |    17 |    30 |       ||    57
       Bread ration      |     1 |       |       |       |       ||     1
       Royal jelly       |       |       |     1 |       |       ||     1
       Fruit             |       |       |       |     3 |       ||     3
       Pizza             |       |       |       |     1 |       ||     1
